 Dungeon Crawl Stone Soup version 0.18-a0-1514-g6ed9364 (webtiles) character file.

44 Gorice the Skirmisher (level 3, 0/29 HPs)
             Began as a Demonspawn Gladiator on Mar 6, 2016.
             Slain by a worm (4 damage)
             ... on level 2 of the Dungeon.
             The game lasted 00:04:20 (1005 turns).

Gorice the Skirmisher (Demonspawn Gladiator)        Turns: 1005, Time: 00:04:20

Health: 0/29       AC:  8    Str: 16    XL:     3   Next: 41%
Magic:  3/3        EV: 11    Int:  9    God:
Gold:   95         SH:  0    Dex: 13    Spells: 0 memorised, 2 levels left

rFire  . . .     SeeInvis .       - Unarmed
rCold  . . .     Gourm    .     k - +0 ring mail
rNeg   . . .     Faith    .     (no shield)
rPois  .         Spirit   .     b - +0 helmet
rElec  .         Dismiss  .     (no cloak)
rCorr  .         Reflect  .     (no gloves)
SustAt .         Harm     .     (no boots)
MR     .....                    i - amulet of magic regeneration
Stlth  +.........               (no ring)
                                (no ring)

@: not resistant to hostile enchantments, very unstealthy
A: yellow scales 1, demonic guardian 1
a: no special abilities


You were on level 2 of the Dungeon.
You were not hungry.

You visited 1 branch of the dungeon, and saw 2 of its levels.

You collected 95 gold pieces.

Inventory:

Missiles
 n - 13 poisoned needles
 Y - 3 throwing nets (quivered)
 Z - 80 stones
Armour
 a - a +0 leather armour
 b - a +0 helmet (worn)
 k - a +0 ring mail (worn)
Jewellery
 i - an amulet of magic regeneration (around neck)
Scrolls
 e - 2 scrolls of teleportation {unknown}
 m - a scroll of remove curse {unknown}
 o - a scroll of identify {unknown}
Potions
 h - 2 potions of magic {unknown}
Comestibles
 c - a slice of pizza
 d - a bread ration {!e}
 f - 3 chunks of flesh
 g - 3 fruits
 j - a beef jerky
 l - 4 meat rations {!e}


   Skills:
 * Level 3.4 Fighting
 + Level 2.4 Throwing
 - Level 2.6 Dodging
 - Level 2.6 Unarmed Combat


You had 2 spell levels left.
You didn't know any spells.

Dungeon Overview and Level Annotations

Branches:
Dungeon (2/15)

Altars:


Innate Abilities, Weirdness & Mutations

You are partially covered in yellow scales (AC +2).
A weak demonic guardian rushes to your aid.


Message History

The rat bites you but does no damage.
You hit the rat.
You kill the rat!
The rat bites you but does no damage.
You closely miss the rat. The rat barely misses you.
You hit the rat but do no damage. The rat bites you.
Damage: 2 (max 4)
You punch the rat!
You kill the rat!
You hit the worm.
The worm is lightly wounded.
You barely miss the worm.
The worm is lightly wounded.
The worm closely misses you.
You hit the worm but do no damage.
The worm is lightly wounded.
The worm bites you but does no damage.
You hit the worm.
The worm is moderately wounded.
You hit the worm but do no damage.
The worm is moderately wounded.
The worm barely misses you.
You hit the worm.
The worm is moderately wounded.
You hit the worm but do no damage.
The worm is moderately wounded.
The worm bites you!
* * * LOW HITPOINT WARNING * * *
Damage: 6 (max 6)
You are too injured to fight recklessly!
You are too injured to fight recklessly!
You are too injured to fight recklessly!
You are too injured to fight recklessly!
You are too injured to fight recklessly!
You are too injured to fight recklessly!
You hit the worm but do no damage.
The worm is moderately wounded.
You barely miss the worm.
The worm is moderately wounded.
The worm barely misses you.
You barely miss the worm.
The worm is lightly wounded.
Some of the chunks of flesh in your inventory have rotted away.
You barely miss the worm.
The worm is lightly wounded.
The worm closely misses you.
You hit the worm.
The worm is heavily wounded.
The worm bites you.
You die...

#.....######.....#
#.....#......#####
#.....######.# #######
#.####### #.......#
#.. #.####### #.. #.#
##...######### #.#
.....#.......# #@#
...........#.###w#####
........)..#.........#
.........<.#.#.#####.#
#........w.w..#
...........#.#.#
##.#.......#...# .
#.#####.###.# #. #.#
#.#


You could see a worm.

Vanquished Creatures
  2 worms (D:2)
  A dart slug (D:1)
  8 bats
  3 giant cockroaches (D:2)
  5 hobgoblins
  A ball python (D:1)
  3 giant newts
  5 goblins
  7 kobolds
  3 rats (D:2)
38 creatures vanquished.

Notes
Turn   | Place    | Note
--------------------------------------------------------------
     0 | D:1      | Gorice the Demonspawn Gladiator began the quest for the Orb.
     0 | D:1      | Reached XP level 1. HP: 16/16 MP: 1/1
   176 | D:1      | Gained mutation: You are partially covered in yellow scales (AC +2). [demonic ancestry]
   176 | D:1      | Reached XP level 2. HP: 20/23 MP: 2/2
   183 | D:1      | Reached skill level 2 in Throwing
   455 | D:1      | Reached skill level 3 in Fighting
   711 | D:2      | Gained mutation: A weak demonic guardian rushes to your aid. [demonic ancestry]
   711 | D:2      | Reached XP level 3. HP: 21/29 MP: 3/3
  1000 | D:2      | HP: 4/29 [worm (7)]
  1005 | D:2      | Slain by a worm

Vault maps used:
D:1:      eino_arrival_cavern_a, supply_closet_lemuel
D:2:      lemuel_doored_altar

Skill      XL: |  1  2 |
---------------+-------+-----
Throwing       | 2 |  2.4
Fighting       | 3 |  3.4
Dodging        | |  2.6
Unarmed Combat | |  2.6

Action                   || total
-------------------------++-------
Melee: Unarmed           ||   211
  Use: Scroll            ||     2
  Eat: Chunk             ||     1

Table legend:
 A = Turns spent in this place as a percentage of turns spent in the entire game.
 B = Non-inter-level travel turns spent in this place as a percentage of non-inter-level travel turns spent in the entire game.
 C = Inter-level travel turns spent in this place as a percentage of turns spent in this place.
 D = Turns resting spent in this place as a percentage of non-inter-level travel turns spent in this place.
 E = Turns spent auto-exploring this place as a percentage of non-inter-level travel turns spent in this place.
 F = Non-inter-level travel turns spent in this place divided by the number of levels of this place that you've seen.
                   A       B       C       D       E      F
               +-------+-------+-------+-------+-------+----------------------
         Total | 100.0 | 100.0 |   0.3 |   0.0 |   5.2 | 305.5
       Dungeon | 100.0 | 100.0 |   0.3 |   0.0 |   5.2 | 305.5
               +-------+-------+-------+-------+-------+----------------------

Vault maps used:
D:1:      eino_arrival_cavern_a, supply_closet_lemuel
D:2:      lemuel_doored_altar
